 Dungeon Crawl Stone Soup version 0.29-a0-994-gc5c9f59d18 (webtiles) character file.

Game seed: 17483325104652078620

52 xian the Trooper (level 3, -3/29 HPs)
             Began as a Demonspawn Fighter on Aug 3, 2022.
             Slain by Terence
             ... wielding a +0 hand axe of venom
              (4 damage)
             ... on level 2 of the Dungeon.
             The game lasted 00:03:56 (1342 turns).

xian the Trooper (Demonspawn Fighter)               Turns: 1342, Time: 00:03:58

Health: -3/29      AC:  6    Str: 18    XL:     3   Next: 60%
Magic:  3/3        EV:  9    Int:  9    God:
Gold:   115        SH:  9    Dex: 14    Spells: 2/2 levels left

rFire   . . .      SeeInvis .   a - +0 war axe
rCold   . . .      Faith    .   c - +0 buckler
rNeg    . . .      Spirit   .   b - +0 scale mail
rPois   .          Reflect  .   (no helmet)
rElec   .          Harm     .   (no cloak)
rCorr   .          Rampage  .   (no gloves)
Will    +....                   (no boots)
Stlth   +.........              (no amulet)
HPRegen 0.09/turn               g - ring of willpower
MPRegen 0.08/turn               (no ring)

@: lethally poisoned (-3 -> -29)
A: thin skeletal structure 1, condensation shield
a: no special abilities


You were on level 2 of the Dungeon.
You visited 1 branch of the dungeon, and saw 2 of its levels.

You collected 115 gold pieces.

Inventory:

Hand Weapons
 a - a +0 war axe (weapon)
Missiles
 h - 4 boomerangs (quivered)
Armour
 b - a +0 scale mail (worn)
 c - a +0 buckler (worn)
Jewellery
 g - a ring of willpower (left hand)
Scrolls
 i - a scroll of enchant armour
 k - a scroll of amnesia
 l - a scroll of poison
 m - 3 scrolls of torment
 o - a scroll of blinking {unknown}
 p - a scroll of butterflies {unknown}
 q - a scroll of acquirement {unknown}
Potions
 d - a potion of cancellation {unknown}
 e - a potion of mutation {unknown}
 f - a potion of lignification
 j - a potion of degeneration {unknown}
 n - a potion of ambrosia {unknown}


   Skills:
 + Level 3.5 Fighting
 + Level 2.4 Axes
 + Level 3.0 Armour
 + Level 0.1 Dodging
 + Level 3.0 Shields


You had 2 spell levels left.
You didn't know any spells.
Your spell library contained the following spells:

 Spells                   Type           Power      Damage    Failure   Level
 Apportation              Tloc           0%         N/A       86%         1
 Necrotise                Necr           0%         1d4       86%         1
 Summon Small Mammal      Summ           0%         N/A       86%         1
 Gell's Gravitas          Tloc           0%         N/A       99%         3
 Teleport Other           Tloc           0%         N/A       99%         3
 Dispersal                Tloc           0%         N/A       100%        6


Dungeon Overview and Level Annotations

Branches:
Dungeon (2/15)

Altars:

Annotations:
D:2 Terence


Innate Abilities, Weirdness & Mutations

You have a somewhat thin skeletal structure. (Dex +2, Stealth+)
A meltable shield of frost defends you. (SH +4)


Message History

Terence shouts!
Okay, then.
Really read the scroll of poison?
The air fills with toxic fumes!
As you read the scroll of poison, it crumbles to dust.
You hit Terence but do no damage. Terence barely misses you.
You block Terence's attack.
You slash Terence!
Terence is heavily wounded.
Terence barely misses you.
You barely miss Terence.
Terence is heavily wounded.
You block Terence's attack. Terence hits you but does no damage.
You are poisoned.
You slash Terence!
Terence is almost dead.
You feel very sick.
Terence says, "Rest in peace."
Terence hits you with a +0 hand axe of venom.
You are more poisoned.
You hit Terence but do no damage.
Terence is almost dead.
You feel very sick. Terence hits you but does no damage.
You are lethally poisoned!
Terence hits you but does no damage.
You are more poisoned.
You hit Terence but do no damage.
Terence is almost dead.
You feel extremely sick.
Terence hits you with a +0 hand axe of venom.
* * * LOW HITPOINT WARNING * * *
You closely miss Terence.
Terence is almost dead.
* * * LOW HITPOINT WARNING * * *
You feel very sick. Terence hits you but does no damage.
You are more poisoned.
Terence hits you with a +0 hand axe of venom.
You die...

#....##.............
##○§○○°##............
#§○○°☼○.##...........
#☼°○°°§§.##..........
##°☼§☼.○#..##........#
#.§§§§§☼##§○####''####
#.☼☼°§○○§°.☼☼.........
#○##☼☼§§.☼§°....#...>.
#°☼○§@○.○..°....#.....
######@§§☼☼§°...#.)...
..°§.######.....
§°§§°☼○ ........
○.§°°°○.........
°§§○○☼°......†..
§○°°○○☼.........
###########.....
#......


You could see Terence.

Vanquished Creatures
  2 adders (D:2)
  A dart slug (D:1)
  A ball python (D:2)
  2 bats
  5 endoplasms
  2 giant cockroaches (D:2)
  4 hobgoblins
  4 jackals (D:1)
  2 frilled lizards (D:1)
  4 kobolds
  3 rats
30 creatures vanquished.

Notes
Turn   | Place    | Note
-------+----------+-------------------------------------------
     0 | D:1      | xian the Demonspawn Fighter began the quest for the Orb.
     0 | D:1      | Reached XP level 1. HP: 18/18 MP: 1/1
   362 | D:1      | Gained mutation: You have a somewhat thin skeletal
                  | structure. (Dex +2, Stealth+) [demonic ancestry]
   362 | D:1      | Reached XP level 2. HP: 24/24 MP: 2/2
   939 | D:2      | Gained mutation: A meltable shield of frost defends you.
                  | (SH +4) [demonic ancestry]
   939 | D:2      | Reached XP level 3. HP: 28/29 MP: 3/3
  1294 | D:2      | Found a faded altar of an unknown god.
  1332 | D:2      | Noticed Terence
  1342 | D:2      | HP: 1/29 [poisoned by Terence]
  1342 | D:2      | Slain by Terence

Illustrated notes

Levels and vault maps discovered:
D:1:      eino_arrival_tree_alley, layout_loops_corners
D:2:      kennysheep_big_flooded_room, layout_basic, basic_altar,
          basic_ecumenical_altar, uniq_terence

Skill      XL: |  1  2  3 |
---------------+----------+-----
Axes           | 2 |  2.4
Shields        | 3 |  3.0
Armour         | 3 |  3.0
Fighting       | |  3.5
Dodging        | |  0.1

Action                   || total
-------------------------++-------
Melee: War axe           ||    73
Throw: Boomerang         ||    11
  Use: Scroll            ||     6
       Potion            ||     1
Armor: Scale mail        ||    43
Dodge: Dodged            ||    38
Block: Buckler           ||    28

Table legend: (Time is in decaauts)
 A = Elapsed time spent in this place.
 B = Non-inter-level travel time spent in this place.
 C = Inter-level travel time spent in this place.
 D = Time resting spent in this place.
 E = Time spent auto-exploring this place.
 F = Levels seen in this place.
 G = Mean time per level.
                   A        B        C        D        E       F      G
               +--------+--------+--------+--------+--------+-----+--------+
         Total |   1377 |   1377 |      0 |      0 |   1011 |   2 |  688.5 |
       Dungeon |   1377 |   1377 |      0 |      0 |   1011 |   2 |  688.5 |
               +--------+--------+--------+--------+--------+-----+--------+

Top non-repeatable levels by time:
     D:1: 916 daAuts
     D:2: 461 daAuts
